[Event "*** SCC Grand Prix: Titled Tuesday Blitz"]
[Site "Chess.com"]
[Date "2020.06.09"]
[Round "7"]
[White "AcsinteMatei"]
[Black "serhanberat_ozdemir"]
[Result "0-1"]
[WhiteElo "2324"]
[BlackElo "2483"]
[TimeControl "180+1"]
[EndTime "10:18:44 PDT"]
[Termination "serhanberat_ozdemir won by resignation"]

1. d4 Nf6 2. Bf4 g6 3. Nc3 d5 4. e3 Bg7 5. Nf3 O-O 6. h4 h5 7. Ne5 c5 8. Be2 Nc6 9. Qd2 cxd4 10. exd4 Qb6 11. O-O-O Bf5 12. f3 Nb4 13. Bd3 Nxd3+ 14. cxd3 Qxd4 15. Kb1 Rac8 16. g4 hxg4 17. h5 Nxh5 18.
Rxh5 gxh5 19. fxg4 hxg4 20. Ne2 Qf2 21. Bh6 Bxe5 22.
Qg5+ Bg6 23. Qxe5 Qf6 24. Qg3 Qf3 25. Qe5 f6 26. Qe6+ Bf7 27. Qd7 Qxe2 28. Rg1 Bg6 29. Qxd5+ Rf7 30. Qd7 Qxd3+ 31. Ka1 Qxd7 0-1

[Event "*** SCC Grand Prix: Titled Tuesday Blitz"]
[Site "Chess.com"]
[Date "2020.06.09"]
[Round "7"]
[White "isainz"]
[Black "goofypenguin96"]
[Result "0-1"]
[WhiteElo "2160"]
[BlackElo "2308"]
[TimeControl "180+1"]
[EndTime "10:18:45 PDT"]
[Termination "goofypenguin96 won on time"]

1. e4 e6 2. d4 d5 3. e5 c5 4. c3 Nc6 5. Nf3 Bd7 6. a3 f6 7. Bd3 g6 8. O-O c4 9. Bc2 Bg7 10. Re1 Nge7 11. Bf4 O-O 12. Bg3 f5 13. Bf4 h6 14. h4 Kh7 15. g3 a5 16. Kg2 b5 17. Rh1 b4 18. axb4 axb4 19. Rxa8 Qxa8 20. Qd2 b3 21. Bd1 Qe8 22. Na3 Nd8 23. Qe3 Nf7 24.
Nb1 h5 25. Nbd2 Nc6 26. Ng5+ Nxg5 27. Bxg5 Qa8 28. Bf3 Qe8 29. Qe2 Qf7 30. Nf1 Bh6 31. Bxh6 Kxh6 32. Qd2+ Kh7 33. Ne3 f4 34. gxf4 Qxf4 35.
Rh3 Ne7 36. Qd1 Rg8 37. Qa1 Nf5 38. Nxf5 gxf5+ 39. Rg3 Qxh4 40. Qa7 Qe7 41. Rxg8 Kxg8 42. Bxh5 Qg5+ 43. Kf1 Qc1+ 44. Kg2 Qg5+ 45. Kf1 Qe7 46. Qb8+ Kg7 47. Qc7 f4 48. Bg4 Kf7 49. f3 Kf8 50. Qb8+ Kg7 51. Qc7 Qf7 52. Qd8 Be8 53. Qg5+ Kf8 54.
Qh6+ Ke7 55. Qg5+ Kd7 0-1

[Event "*** SCC Grand Prix: Titled Tuesday Blitz"]
[Site "Chess.com"]
[Date "2020.06.09"]
[Round "7"]
[White "von_Eschenbach"]
[Black "pavelalexandru07"]
[Result "0-1"]
[WhiteElo "2294"]
[BlackElo "2168"]
[TimeControl "180+1"]
[EndTime "10:18:47 PDT"]
[Termination "pavelalexandru07 won on time"]

1. e4 c5 2. Nf3 d6 3. d4 cxd4 4. Nxd4 Nf6 5. Nc3 a6 6. f3 e5 7. Nb3 Be6 8. Be3 h5 9. Qd2 Nbd7 10. O-O-O Be7 11. Nd5 Nxd5 12. exd5 Bf5 13. Bd3 Bxd3 14. Qxd3 Bg5 15. Kb1 Bxe3 16. Qxe3 O-O 17. h4 Nf6 18. Rhg1 a5 19. g4 hxg4 20. fxg4 a4 21. Nc1 Qa5 22. g5 Nxd5 23. Qe4 Ne7 24. Rxd6 a3 25. Nb3 Qc7 26.
Rf6 axb2 27. Rf3 b5 28. Kxb2 Qa7 29. Ra1 Qa3+ 30. Kb1 Rfd8 31. Nc1 Qc5 32. Kb2 Nc6 33. a3 Rd4 34. Qe3 Na5 35. Nb3 Nc4+ 36. Kc1 Rxa3 0-1

[Event "*** SCC Grand Prix: Titled Tuesday Blitz"]
[Site "Chess.com"]
[Date "2020.06.09"]
[Round "7"]
[White "Hikaru"]
[Black "QuintilianoR"]
[Result "1-0"]
[WhiteElo "3223"]
[BlackElo "2660"]
[TimeControl "180+1"]
[EndTime "10:18:48 PDT"]
[Termination "Hikaru won by resignation"]

1. Nf3 Nf6 2. b3 e6 3. Bb2 d5 4. e3 Be7 5. d4 O-O 6. c4 b6 7. cxd5 exd5 8. Bd3 Bb7 9. O-O Nbd7 10. Nc3 c5 11.
dxc5 bxc5 12. Rc1 Rc8 13. Bf5 Bc6 14. Ne2 Rc7 15. Nf4 Nb6 16. Bxf6 Bxf6 17. Rxc5 d4 18.
Nxd4 Bxg2 19. Bxh7+ Kxh7 20. Rh5+ Kg8 21. Kxg2 Rd7 22.
Qf3 g6 23. Nc6 Qa8 24. Rc5 Rc7 25. Rfc1 Kg7 26. Nd4 Rxc5 27. Rxc5 Qe8 28. Nf5+ Kg8 29. Ng3 Qe7 30. Rc6 Be5 31. Qe4 Re8 32. Nd5 Nxd5 33.
Qxd5 Kg7 34. a4 Qh4 35. Rc4 Qf6 36. Re4 Re6 37. b4 Qe7 38. f4 Bc3 39. b5 Rxe4 40.
Nxe4 Bb2 41. a5 Qb4 42. Ng5 Qe7 43. Kf3 Bf6 44. Ne4 Bb2 45. b6 axb6 46. axb6 Qb4 47. Ng5 1-0

[Event "*** SCC Grand Prix: Titled Tuesday Blitz"]
[Site "Chess.com"]
[Date "2020.06.09"]
[Round "7"]
[White "stanyga"]
[Black "BillieKimbah"]
[Result "0-1"]
[WhiteElo "2651"]
[BlackElo "2859"]
[TimeControl "180+1"]
[EndTime "10:18:50 PDT"]
[Termination "BillieKimbah won on time"]

1. e4 c5 2. Nf3 e6 3. d4 cxd4 4.
Nxd4 Nc6 5. Nc3 Qc7 6. f4 a6 7. Nxc6 bxc6 8. Bd3 d5 9. O-O Nf6 10. Qe2 Be7 11. Bd2 O-O 12. Rae1 g6 13. Kh1 Bb7 14.
e5 Ne8 15. Nd1 c5 16. c4 dxc4 17. Be4 Rd8 18. Bxb7 Qxb7 19. Bc3 Bh4 20. Nf2 Bxf2 21. Rxf2 Rd3 22. Qg4 Ng7 23. Kg1 Rfd8 24. Rfe2 Qd5 25.
Re4 Nf5 26. Qe2 h5 27. Qc2 h4 28. Qa4 h3 29. Qxc4 Nh4 30. Qxd5 R8xd5 31. R4e3 Nxg2 32. Rxd3 Rxd3 33. Re4 Rf3 34. Bd2 Rd3 35. Bc3 Nh4 36.
Kf2 Nf5 37. Ke2 Rg3 38. Ra4 Rg2+ 39. Kf3 Nh4+ 40. Ke4 Rxh2 0-1

[Event "*** SCC Grand Prix: Titled Tuesday Blitz"]
[Site "Chess.com"]
[Date "2020.06.09"]
[Round "7"]
[White "Margarita2907"]
[Black "Lovinski"]
[Result "0-1"]
[WhiteElo "2064"]
[BlackElo "2355"]
[TimeControl "180+1"]
[EndTime "10:18:50 PDT"]
[Termination "Lovinski won on time"]

1. e4 e5 2. Nf3 Nc6 3. Bc4 Nf6 4.
d3 Be7 5. c3 O-O 6. O-O d6 7.
a4 Na5 8. Ba2 c5 9. Re1 Nc6 10. d4 cxd4 11. cxd4 Bg4 12. dxe5 Nxe5 13. Nbd2 Nd3 14. Re3 Nxc1 15. Rxc1 Qb6 16. Nc4 Qb4 17.
h3 Bh5 18. Bb3 Rac8 19. Qe1 d5 20. Qxb4 Bxb4 21. exd5 Nxd5 22. Rd3 Nf4 23. Re3 Bxf3 24. gxf3 Bd2 25. Nxd2 Rxc1+ 26. Kh2 Rc7 27. Re4 g5 28. h4 h6 29. hxg5 hxg5 30. Nc4 Kg7 31. Ne5 Rh8+ 32.
Kg3 f5 33. Rxf4 gxf4+ 34. Kxf4 Kf6 35. Nd3 Rh1 36. Nb4 Rc5 37. Nd5+ Rxd5 38. Bxd5 b6 39. b4 Rh4+ 40. Ke3 Rxb4 41. Bc6 Ke5 42. f4+ Kd6 43. Bb5 Kd5 0-1

[Event "*** SCC Grand Prix: Titled Tuesday Blitz"]
[Site "Chess.com"]
[Date "2020.06.09"]
[Round "7"]
[White "ChessWarrior7197"]
[Black "lachesisQ"]
[Result "1-0"]
[WhiteElo "2958"]
[BlackElo "3039"]
[TimeControl "180+1"]
[EndTime "10:18:51 PDT"]
[Termination "ChessWarrior7197 won by resignation"]

1. e4 c5 2. Nf3 d6 3. d4 cxd4 4. Qxd4 Nc6 5. Qe3 g6 6. Be2 Bh6 7. Qc3 Qa5 8. Qxa5 Nxa5 9. Bxh6 Nxh6 10. c4 Bg4 11. b3 e6 12. Nc3 Ke7 13. Nd4 Bxe2 14.
Kxe2 Nc6 15. Rhd1 f6 16. Rd2 Nf7 17. Rad1 Nxd4+ 18. Rxd4 Rhd8 19. f4 g5 20. f5 Rac8 21. fxe6 Kxe6 22. Rd5 a6 23. Rf5 Nh6 24. Rf3 Ng4 25.
Nd5 Rf8 26. Rdf1 Ke5 27. h3 Nh2 28. Rf5+ Kxe4 29. R1f2 Kd4 30. g4 Nxg4 31. hxg4 b5 32. Ne3 Rfe8 33. Rd5+ Kc3 34. Kf3 Kb4 35. Rxd6 f5 36.
gxf5 h5 37. f6 g4+ 38. Kf4 g3 39. Rc2 h4 40. f7 Rf8 41. Rf6 bxc4 42. bxc4 a5 43.
Kg4 Rh8 44. Kh3 Rcf8 45. c5 Rc8 46. c6 Kb5 47. c7 a4 48. Nf5 1-0

[Event "*** SCC Grand Prix: Titled Tuesday Blitz"]
[Site "Chess.com"]
[Date "2020.06.09"]
[Round "7"]
[White "Kildepiotr"]
[Black "Treacherous_horse64"]
[Result "1-0"]
[WhiteElo "2607"]
[BlackElo "2451"]
[TimeControl "180+1"]
[EndTime "10:18:51 PDT"]
[Termination "Kildepiotr won by resignation"]

1. Nf3 Nf6 2. g3 b5 3. Bg2 Bb7 4. O-O e6 5. d3 d6 6. e4 c5 7. Nbd2 Nbd7 8. Qe2 Be7 9. a4 a6 10. Re1 O-O 11. e5 dxe5 12. Nxe5 Bxg2 13. Kxg2 Qb6 14.
Qf3 Rac8 15. axb5 axb5 16. Nxd7 Nxd7 17. Ne4 Nf6 18. Bg5 Qd8 19. Bxf6 Bxf6 20. Nxf6+ gxf6 21. Re4 f5 22. Rh4 Qf6 23. c3 b4 24. Rc4 bxc3 25. bxc3 Rfd8 26. Ra5 Qe5 27. d4 Qd6 28. Raxc5 Rb8 29. Rc6 Qe7 30. Rc7 Qf6 31. Ra7 Kg7 32. Rcc7 Rf8 33. Qe3 Qg6 34. c4 Rb1 35. d5 exd5 36.
cxd5 Qh5 37. Qd4+ Kg8 38. Ra1 Rb3 39. Rc3 Rb6 40. Qxb6 1-0

[Event "*** SCC Grand Prix: Titled Tuesday Blitz"]
[Site "Chess.com"]
[Date "2020.06.09"]
[Round "7"]
[White "MichailovM"]
[Black "Xeniya2005"]
[Result "1-0"]
[WhiteElo "2451"]
[BlackElo "2307"]
[TimeControl "180+1"]
[EndTime "10:18:51 PDT"]
[Termination "MichailovM won on time"]

1. e4 e6 2. d4 d5 3. Nc3 Bb4 4.
e5 c5 5. a3 Bxc3+ 6. bxc3 Ne7 7. Nf3 Nbc6 8. a4 h6 9. Bd3 O-O 10. O-O Qa5 11. Bd2 Qc7 12. Re1 Bd7 13. Qc1 f5 14. Bxh6 gxh6 15. Qxh6 Rf7 16. Ng5 Rg7 17. Nxe6 Bxe6 18. Qxe6+ Kf8 19. Bxf5 Nxf5 20. Qxf5+ Qf7 21. Qxf7+ Kxf7 22. dxc5 Ke6 23. f4 Rag8 24. g3 Ne7 25.
Rab1 Nf5 26. Kf2 Rh7 27. Rh1 Rgh8 28. g4 Ne7 29. Rxb7 Rxh2+ 30. Rxh2 Rxh2+ 31. Kg3 Rh7 32. f5+ Kxe5 33. c6 Kd6 34. Kf4 Rh8 35. Rd7+ Kxc6 36.
Rxe7 Kd6 37. Re6+ 1-0

[Event "*** SCC Grand Prix: Titled Tuesday Blitz"]
[Site "Chess.com"]
[Date "2020.06.09"]
[Round "7"]
[White "tigra"]
[Black "Shtembuliak"]
[Result "1-0"]
[WhiteElo "2745"]
[BlackElo "2846"]
[TimeControl "180+1"]
[EndTime "10:18:52 PDT"]
[Termination "tigra won by resignation"]

1. e4 g6 2. d4 Bg7 3. Nc3 d6 4. h3 a6 5. a4 Nf6 6. Nge2 O-O 7. g4 Nc6 8. Bg2 e5 9. d5 Nd4 10. Nxd4 exd4 11. Ne2 Re8 12. Qd3 Qe7 13. Nxd4 Nxe4 14.
Be3 Nc5 15. Qd2 Bd7 16. b3 Ne4 17. Qd3 c5 18. dxc6 bxc6 19. O-O-O d5 20. Bxe4 dxe4 21. Qc4 Qa3+ 22. Kd2 Rad8 23. Ke2 c5 24. Ra1 Qxa1 25. Rxa1 cxd4 26. Bxd4 Bxd4 27. Rd1 Be6 28. Qxa6 Be5 29.
Qb5 Bf4 30. a5 Rb8 31. Qa4 f5 32. a6 Rec8 33. c4 Ra8 34. g5 Bxg5 35. Rd6 Bf7 36. Qb5 Bh6 37. Rd7 Rf8 38. a7 f4 39. Qb7 f3+ 40. Ke1 e3 41. Rxf7 exf2+ 42. Kxf2 Be3+ 43.
Kxe3 Rae8+ 44. Kf2 Rxf7 45. a8=Q Rxa8 1-0

[Event "*** SCC Grand Prix: Titled Tuesday Blitz"]
[Site "Chess.com"]
[Date "2020.06.09"]
[Round "7"]
[White "WIDBIFS"]
[Black "sergiochess83"]
[Result "1/2-1/2"]
[WhiteElo "2693"]
[BlackElo "2835"]
[TimeControl "180+1"]
[EndTime "10:18:52 PDT"]
[Termination "Game drawn by repetition"]

1. d4 Nf6 2. Nf3 d5 3. Bf4 Bf5 4. e3 e6 5. Nbd2 Bd6 6. Bg3 O-O 7.
c4 c6 8. Qb3 Bxg3 9. hxg3 Qb6 10.
Rc1 Nbd7 11. Be2 h6 12. O-O Ne4 13. Nxe4 Bxe4 14. Nd2 Bg6 15. Qa3 Rfe8 16. Bf3 a5 17. cxd5 exd5 18. Nb3 Qb4 19. Nc5 Nxc5 20. Rxc5 Qxa3 21.
bxa3 Bd3 22. Rfc1 Bc4 23. Rc2 Re6 24. Rb2 Ra7 25. a4 g6 26. Be2 Bxe2 27. Rxe2 f5 28.
Rb2 Kg7 29. Rb6 Kf6 30. Kf1 h5 31. Ke2 Ke7 32. Kd3 Kd6 33. Rb1 Re4 34. Rbc1 Ra8 35. Rb1 Re7 36. Rbc1 Re4 37. Rb1 Ra7 38. Rbc1 Rg4 39.
Rh1 Re4 40. Rhc1 1/2-1/2

[Event "*** SCC Grand Prix: Titled Tuesday Blitz"]
[Site "Chess.com"]
[Date "2020.06.09"]
[Round "7"]
[White "northridgehawk"]
[Black "WiktoriaPOL"]
[Result "1-0"]
[WhiteElo "2349"]
[BlackElo "2048"]
[TimeControl "180+1"]
[EndTime "10:18:52 PDT"]
[Termination "northridgehawk won on time"]

1. e4 c5 2. Nf3 d6 3. d4 cxd4 4. Nxd4 Nf6 5. Nc3 a6 6. h3 e5 7.
Nde2 Be6 8. g4 Be7 9. Bg2 b5 10. O-O Nbd7 11. Ng3 Nc5 12. Be3 Rc8 13. Nd5 Bxd5 14.
exd5 Qc7 15. f4 exf4 16. Rxf4 O-O 17. Nf5 Ne8 18. Bd4 Bf6 19. c3 Na4 20. Qd2 Bxd4+ 21. Nxd4 Nb6 22. Nc6 Nf6 23. Rd1 Nfxd5 24. Bxd5 Nxd5 25.
Qxd5 Qxc6 26. Qxd6 Qxd6 27. Rxd6 Ra8 28. Rd7 f6 29.
Re4 Rf7 30. Ree7 Rxe7 31. Rxe7 Kf8 32. Rb7 h6 33. Kf2 Rd8 34. Ke3 Rd6 35. Kf4 Rd2 36. a4 bxa4 37. Kf5 Rd5+ 38. Ke6 Re5+ 39. Kd6 Ra5 40.
h4 a3 41. bxa3 Rxa3 42. c4 Rc3 43. c5 a5 44. c6 a4 45. c7 a3 46. Rb8+ Kf7 47.
c8=Q Rxc8 48. Rxc8 a2 49. Ra8 1-0

[Event "*** SCC Grand Prix: Titled Tuesday Blitz"]
[Site "Chess.com"]
[Date "2020.06.09"]
[Round "7"]
[White "ZverevLev"]
[Black "NicoChasin"]
[Result "1-0"]
[WhiteElo "2283"]
[BlackElo "2458"]
[TimeControl "180+1"]
[EndTime "10:18:53 PDT"]
[Termination "ZverevLev won by checkmate"]

1. e4 c5 2. Nf3 e6 3. d4 cxd4 4. Nxd4 Nc6 5. Nc3 Qc7 6. Be3 a6 7. Qd2 Nf6 8. f3 Bb4 9. O-O-O Ne7 10. Kb1 Ba5 11. Nb3 Bxc3 12. Qxc3 Qxc3 13. bxc3 d5 14. Bd3 b6 15. Bxb6 Bb7 16. Rhe1 dxe4 17. fxe4 Nd7 18. Be3 Ne5 19. Nc5 Bc6 20. Bd4 N7g6 21. Bxa6 Ke7 22.
Ka1 f6 23. Bb7 Bxb7 24. Nxb7 Rhb8 25. Bc5+ Kf7 26. Nd6+ Kg8 27. Rb1 Rxb1+ 28. Rxb1 Nf4 29. Rb7 Nxg2 30. Nb5 Rc8 31. Nd6 Rd8 32. a4 Ra8 33.
Kb1 h5 34. Rb4 Nc6 35. Rb7 Nf4 36. Rc7 Ne5 37. Rc8+ Rxc8 38. Nxc8 Nc6 39. Ne7+ Nxe7 40. Bxe7 Kf7 41. a5 Ne2 42. Kb2 f5 43. a6 f4 44. a7 f3 45. a8=Q f2 46. Qf8+ Kg6 47.
Qxf2 Nc1 48. Qg1+ Kf7 49. Qxc1 Kxe7 50. Qg5+ Kf7 51. Qxh5+ g6 52. Qg5 Kg7 53. h4 Kf7 54.
h5 Kg7 55. hxg6 Kg8 56. Qf6 e5 57. Qf7+ Kh8 58. Qh7# 1-0

[Event "*** SCC Grand Prix: Titled Tuesday Blitz"]
[Site "Chess.com"]
[Date "2020.06.09"]
[Round "7"]
[White "ferdipy"]
[Black "picturesquecheck"]
[Result "1-0"]
[WhiteElo "2357"]
[BlackElo "2118"]
[TimeControl "180+1"]
[EndTime "10:18:53 PDT"]
[Termination "ferdipy won by resignation"]

1. e4 c5 2. d4 cxd4 3. c3 d5 4. exd5 Qxd5 5. cxd4 Nc6 6. Nc3 Qxd4 7. Bd2 e5 8. Nf3 Qd8 9. Bb5 Bd6 10. O-O Ne7 11.
Re1 O-O 12. Bc4 Bg4 13. h3 Bh5 14. Ne4 Bc7 15. g4 Bg6 16. Ng3 Kh8 17. Qe2 Rc8 18. Rad1 Bb6 19. Bc3 Qc7 20. Nxe5 Nxe5 21. Qxe5 Qxe5 22.
Rxe5 Rxc4 23. Rxe7 Rf4 24. Rd2 h6 25. Rxb7 Re8 26. Kg2 Kh7 27. f3 Ra4 28. a3 Re3 29. h4 Bb1 30. Rd1 Bc2 31. Rd2 Bb3 32. Nf5 Re1 33. Bxg7 Be6 34. Bc3 Rg1+ 35. Kh2 Bxf5 36.
Rxf7+ Kg8 37. Rxf5 Rc4 38. Rg2 Rxg2+ 39. Kxg2 Rc8 40.
Rf6 Re8 41. Rxh6 Re2+ 42. Kg3 Bf2+ 43. Kh3 Be3 44. Re6 Kf8 45. Bb4+ 1-0

[Event "*** SCC Grand Prix: Titled Tuesday Blitz"]
[Site "Chess.com"]
[Date "2020.06.09"]
[Round "7"]
[White "mortngabriel"]
[Black "bratkoo"]
[Result "1-0"]
[WhiteElo "2466"]
[BlackElo "2322"]
[TimeControl "180+1"]
[EndTime "10:18:54 PDT"]
[Termination "mortngabriel won by checkmate"]

1. e4 e6 2. Nf3 d5 3. e5 c5 4.
b4 Nc6 5. bxc5 Bxc5 6. d4 Bb6 7. c3 f6 8. Bd3 fxe5 9. Nxe5 Nf6 10. O-O O-O 11.
Re1 Nxe5 12. Rxe5 Bd7 13. Bg5 Qc7 14. h3 Rae8 15. Bh4 Qb8 16. Nd2 Bc7 17. Nf3 Bxe5 18. Nxe5 Bc8 19. Qc2 Qc7 20. Re1 b6 21. Re3 Bb7 22. Rg3 Ne4 23. f3 Rf4 24. fxe4 dxe4 25. Bb5 Ref8 26. Bg5 R4f5 27. Be3 Rxe5 28. dxe5 Qxe5 29.
Rg5 Rf5 30. Rxf5 exf5 31. Bc4+ Bd5 32. Qb3 Bxc4 33. Qxc4+ Kf8 34. Bd4 Qa5 35. Qc8+ Kf7 36. Qd7+ Kf8 37. Bxg7+ Kg8 38. Bf6 Qc5+ 39. Bd4 Qf8 40.
Kf2 f4 41. Qe6+ Qf7 42. Qxe4 Qxa2+ 43. Kf3 Qf7 44. Qxf4 Qd5+ 45. Kg3 h5 46. Qf6 Qf7 47. Qxf7+ Kxf7 48. c4 Ke6 49. Kf4 Kd6 50. Kg5 Kc6 51.
Kxh5 a5 52. g4 a4 53. g5 a3 54. g6 b5 55. cxb5+ Kd5 56. Ba1 Kc5 57. g7 Kxb5 58.
g8=Q a2 59. Qxa2 Kc5 60. Qe6 Kb4 61. Bg7 Kc5 62. Kg6 Kb4 63. h4 Ka3 64. h5 Ka4 65. h6 Ka3 66. h7 Ka4 67. h8=Q Ka3 68. Qd8 Kb4 69. Qed7 Kc5 70. Q7c7+ Kb5 71. Qdb8+ Ka4 72.
Qca7# 1-0

[Event "*** SCC Grand Prix: Titled Tuesday Blitz"]
[Site "Chess.com"]
[Date "2020.06.09"]
[Round "7"]
[White "politeplayer"]
[Black "eCztery"]
[Result "0-1"]
[WhiteElo "2269"]
[BlackElo "2399"]
[TimeControl "180+1"]
[EndTime "10:18:54 PDT"]
[Termination "eCztery won on time"]

1. e4 c5 2. Nf3 g6 3. d4 cxd4 4. Qxd4 Nf6 5. Nc3 Nc6 6. Qa4 d6 7. e5 dxe5 8. Nxe5 Bg7 9. Nxc6 bxc6 10. Qxc6+ Bd7 11. Qa6 O-O 12. Be2 Bf5 13. Qa4 Nd5 14. Nxd5 Qxd5 15. O-O Rab8 16. c3 e5 17. Qxa7 Be4 18.
Rd1 Qc6 19. Bf1 Bc2 20. Re1 e4 21. a4 Ra8 22. Bb5 Qxc3 23. bxc3 Rxa7 24. Be3 Rc7 25. Bd4 Rxc3 26. Bxg7 Kxg7 27. Rac1 Rcc8 28. Ba6 Ra8 29. Bb7 Ra7 30. Bxe4 Bb3 31. Bf3 Rxa4 32. g3 h5 33. Kg2 Be6 34. h4 Kf6 35. Re4 Ra2 36. Rf4+ Kg7 37. Re1 Re8 38. Re2 Ra1 39. Be4 Kg8 40. Rf3 Bg4 0-1

[Event "*** SCC Grand Prix: Titled Tuesday Blitz"]
[Site "Chess.com"]
[Date "2020.06.09"]
[Round "7"]
[White "ChelsieMonica"]
[Black "CzechmVIII"]
[Result "1-0"]
[WhiteElo "2370"]
[BlackElo "2172"]
[TimeControl "180+1"]
[EndTime "10:18:54 PDT"]
[Termination "ChelsieMonica won by resignation"]

1. c4 Nf6 2. d4 c5 3. Nf3 cxd4 4. Nxd4 e5 5. Nc2 b5 6. e3 bxc4 7. Bxc4 d5 8. Be2 Bd6 9. O-O O-O 10. Nc3 Bb7 11. Bf3 Bc7 12. g3 Na6 13. Bg2 Rb8 14.
b3 Nc5 15. Ba3 Bb6 16. Bxc5 Bxc5 17. Na4 Bd6 18. Nc3 Bc7 19. Rc1 Qd7 20. Qe2 Rbd8 21. Rfd1 Qe6 22. Na4 Bd6 23. Ne1 Rc8 24. Qb5 Rxc1 25.
Rxc1 Ba8 26. Nd3 Rb8 27. Ndc5 Rxb5 28. Nxe6 fxe6 29. Rc8+ Kf7 30. Rxa8 e4 31. Rxa7+ Kg6 32. Bf1 Rb8 33. Ra6 Be5 34. Rxe6 Ba1 35. Rc6 Rd8 36. Rc1 Be5 37. Rd1 d4 38. Nc5 d3 39. f3 exf3 40.
Bxd3+ Kf7 41. Bc2 Bc3 42. Rxd8 1-0

[Event "*** SCC Grand Prix: Titled Tuesday Blitz"]
[Site "Chess.com"]
[Date "2020.06.09"]
[Round "7"]
[White "g3god"]
[Black "Gordima"]
[Result "1-0"]
[WhiteElo "2893"]
[BlackElo "2736"]
[TimeControl "180+1"]
[EndTime "10:18:55 PDT"]
[Termination "g3god won by checkmate"]

1. e4 Nf6 2. e5 Nd5 3. d4 d6 4. Nf3 Bg4 5. Be2 e6 6. O-O Be7 7. c4 Nb6 8. exd6 cxd6 9. Nc3 O-O 10. h3 Bh5 11. b3 Nc6 12. Be3 d5 13. c5 Nc8 14. b4 Bf6 15. b5 Na5 16. Nd2 Bg6 17. Qa4 Ne7 18. g4 h6 19. f4 Nc8 20. Nb3 Nxb3 21. axb3 b6 22. b4 Bh7 23. Qd1 Ne7 24. Bd3 Bxd3 25. Qxd3 Ng6 26. Ra2 Bh4 27. Rg2 Ne7 28. f5 Qd7 29. Bf4 Rae8 30. c6 Qc8 31. Bd6 Kh8 32. Ne2 Rg8 33. Be5 f6 34. Bg3 Bxg3 35.
Nxg3 e5 36. dxe5 fxe5 37. f6 e4 38. Qd4 gxf6 39. Rxf6 Kh7 40. Rf7+ Kg6 41. Qf6# 1-0

[Event "*** SCC Grand Prix: Titled Tuesday Blitz"]
[Site "Chess.com"]
[Date "2020.06.09"]
[Round "7"]
[White "yobdc"]
[Black "XDPS"]
[Result "0-1"]
[WhiteElo "2271"]
[BlackElo "2684"]
[TimeControl "180+1"]
[EndTime "10:18:55 PDT"]
[Termination "XDPS won by resignation"]

1. e4 c5 2. Nf3 d6 3. Bb5+ Nd7 4. c3 Nf6 5. Qe2 a6 6. Ba4 b5 7. Bc2 e5 8. O-O Bb7 9. d3 Be7 10. Nbd2 O-O 11. Re1 Re8 12. Nf1 Qc7 13. Ne3 Bf8 14.
h3 d5 15. Ng4 d4 16. Bd2 Qb6 17. a4 Rac8 18. axb5 axb5 19. Nh4 c4 20. Nf5 h5 21. Nxf6+ Nxf6 22. Qf3 g6 23. Ng3 Bg7 24. Reb1 Nd7 25. dxc4 bxc4 26. Ba4 Bc6 27. Bxc6 Qxc6 28. Nf1 Nc5 29. Ng3 Nb3 30. Bc1 Nxa1 31. Rxa1 Ra8 32. Rb1 Reb8 33. cxd4 exd4 34. Bf4 Rb3 35. Qd1 Qb5 36.
e5 Bxe5 37. Bxe5 Qxe5 38. Qc2 Rab8 39. Qxc4 Rxb2 40. Rd1 Rb1 41. Rxb1 Rxb1+ 42. Kh2 h4 43. Qc8+ Kg7 44. Qc2 hxg3+ 45. fxg3 Qe1 46. g4 Qe5+ 47. g3 Re1 0-1

[Event "*** SCC Grand Prix: Titled Tuesday Blitz"]
[Site "Chess.com"]
[Date "2020.06.09"]
[Round "7"]
[White "KaterinaMiroshnik"]
[Black "Haykoooo0o"]
[Result "1-0"]
[WhiteElo "2433"]
[BlackElo "2552"]
[TimeControl "180+1"]
[EndTime "10:18:55 PDT"]
[Termination "KaterinaMiroshnik won by resignation"]

1. d4 Nf6 2. Nf3 g6 3. g3 Bg7 4.
Bg2 O-O 5. O-O d6 6. c3 c6 7. Nbd2 Bf5 8. Re1 Ne4 9. Nh4 Nxd2 10. Bxd2 Bg4 11. h3 Bc8 12. e4 a5 13. f4 a4 14. a3 Na6 15. f5 Nc7 16. Bf4 e5 17.
dxe5 dxe5 18. Be3 Na6 19. Rf1 Qxd1 20. Raxd1 Bf6 21. Bh6 Bg7 22. Bxg7 Kxg7 23. f6+ Kg8 24. Nf3 Re8 25. Nxe5 Be6 26. Nf3 Nc5 27. Nd4 Bb3 28.
Rde1 Re5 29. Nxb3 axb3 30. c4 Ne6 31. Rd1 c5 32. Rd5 Rxd5 33. cxd5 Nd4 34. e5 Re8 35. e6 Nf5 36. Rxf5 gxf5 37. e7 c4 38. d6 c3 39.
d7 1-0

[Event "*** SCC Grand Prix: Titled Tuesday Blitz"]
[Site "Chess.com"]
[Date "2020.06.09"]
[Round "7"]
[White "GukeshDommaraju"]
[Black "Paralinch"]
[Result "1-0"]
[WhiteElo "2664"]
[BlackElo "2839"]
[TimeControl "180+1"]
[EndTime "10:18:56 PDT"]
[Termination "GukeshDommaraju won by resignation"]

1. e4 c5 2. Nf3 e6 3. Ng1 d5 4. exd5 exd5 5. d4 Nc6 6. Nf3 Bg4 7. Be2 Bxf3 8. Bxf3 Nxd4 9. O-O Nf6 10. Nc3 Be7 11.
Bg5 Nxf3+ 12. Qxf3 d4 13. Bxf6 Bxf6 14. Rfe1+ Kf8 15.
Nd5 h5 16. Re2 Rh6 17. Rae1 Rb8 18. Nxf6 gxf6 19. Qf4 Rg6 20. Qf5 b6 21. Qxh5 Kg7 22. Re7 c4 23. Rxa7 Ra8 24. Rae7 Ra5 25. Qh3 Rag5 26.
g3 Qd5 27. Re8 Rh6 28. Qc8 Kg6 29. Rg8+ Kh7 30. Rh8+ Kg6 31. Ree8 Rxh8 32. Rxh8 Qe6 33. Qg8+ Kf5 34. Qh7+ Kg4 35. Qh3+ Kf3 36. Qg2+ Kg4 37. h4 Qe1+ 38. Kh2 Rg6 39. f3+ Kf5 40. Qh3+ 1-0

[Event "*** SCC Grand Prix: Titled Tuesday Blitz"]
[Site "Chess.com"]
[Date "2020.06.09"]
[Round "7"]
[White "Kislov_Oleg"]
[Black "arminmusovic"]
[Result "0-1"]
[WhiteElo "2393"]
[BlackElo "2542"]
[TimeControl "180+1"]
[EndTime "10:18:56 PDT"]
[Termination "arminmusovic won on time"]

1. e4 c6 2. d4 d5 3. Nc3 dxe4 4. Nxe4 Nf6 5. Nxf6+ exf6 6. c3 Bd6 7. Bd3 O-O 8. Qc2 Re8+ 9. Ne2 Kh8 10. Be3 Nd7 11.
O-O-O Nf8 12. Kb1 Be6 13. Nc1 Qc7 14. h4 a5 15. h5 a4 16. Rde1 c5 17. Bb5 Red8 18.
h6 g6 19. dxc5 Bxc5 20. Bxc5 Qxc5 21. Bxa4 Bf5 22. Re4 b5 23. Bb3 Bxe4 24. Qxe4 Qxf2 25. Bxf7 Rab8 26. Bb3 Qc5 27. Re1 Nd7 28. g4 Qe5 29.
Qh1 Qg5 30. Qh3 Ne5 31. Be6 b4 32. cxb4 Rxb4 33. Qc3 Rdb8 34. Bb3 Qxh6 35. Nd3 Nxd3 36. Qxd3 Qg7 37. Qd6 R4b6 38. Re2 Rxd6 0-1

[Event "*** SCC Grand Prix: Titled Tuesday Blitz"]
[Site "Chess.com"]
[Date "2020.06.09"]
[Round "7"]
[White "Gareth-Bale11"]
[Black "SamuelGhimpu2003"]
[Result "1/2-1/2"]
[WhiteElo "2781"]
[BlackElo "2613"]
[TimeControl "180+1"]
[EndTime "10:18:57 PDT"]
[Termination "Game drawn by agreement"]

1. d4 Nf6 2. c4 g6 3. Nc3 d5 4. Bg5 Ne4 5. Bh4 Nxc3 6. bxc3 dxc4 7. e3 Be6 8. Nh3 Bxh3 9. gxh3 Qd7 10. Rb1 c5 11.
Bg2 Nc6 12. O-O Bg7 13. dxc5 Qxd1 14. Rfxd1 O-O 15. Rxb7 Rac8 16. Rbb1 Rfe8 17. Bd5 Ne5 18. Rb5 Nd3 19. Bxc4 Nxc5 20. Bd5 Bxc3 21. Kg2 a6 22. Rbb1 e6 23. Bf3 Be5 24. Rb6 Rb8 25. Rc6 Rec8 26. Rc1 Rxc6 27. Bxc6 Nd3 28. Rc4 Nb4 29. Bf3 Nxa2 30.
Ra4 Nb4 31. Be2 Kg7 32. Bxa6 Nxa6 33. Rxa6 Bf6 34. Bg3 Rb2 35. Ra8 h5 36. Bd6 Bh4 37.
Bg3 Bxg3 38. hxg3 Rb5 39. h4 1/2-1/2

[Event "*** SCC Grand Prix: Titled Tuesday Blitz"]
[Site "Chess.com"]
[Date "2020.06.09"]
[Round "7"]
[White "jacky72"]
[Black "Nafania1"]
[Result "1-0"]
[WhiteElo "2688"]
[BlackElo "2443"]
[TimeControl "180+1"]
[EndTime "10:18:57 PDT"]
[Termination "jacky72 won by checkmate"]

1. e4 e6 2. Qe2 c5 3. g3 Nc6 4. Bg2 g6 5. c3 Bg7 6. f4 d6 7. Nf3 Nge7 8. O-O O-O 9. d3 b6 10. Be3 Ba6 11. Nbd2 Qd7 12. Rab1 d5 13. Rfd1 dxe4 14. Nxe4 Nd5 15. Bf2 Rad8 16. Qe1 h6 17.
d4 f5 18. Ned2 cxd4 19. cxd4 Ncb4 20. Nb3 Bd3 21. Rbc1 Be4 22. Qe2 Nxa2 23. Ra1 Nab4 24. Ne5 Bxe5 25. Bxe4 Bg7 26. Bg2 a5 27. Rac1 Rc8 28.
Re1 Rfe8 29. Nd2 Rxc1 30. Rxc1 Rc8 31. Rxc8+ Qxc8 32. Nc4 Qc6 33. h4 h5 34. Bf3 Bf6 35. Kg2 Bxh4 36. Ne5 Qe8 37. Qa6 Bf6 38. Nc4 Qc6 39.
Ne5 Bxe5 40. dxe5 Kg7 41. Qa7+ Qc7 42. Qa8 Qd7 43. Qb8 Nd3 44. Bxb6 Ne1+ 45. Kf2 Nxf3 46.
Kxf3 Nb4 47. Qd6 Qb7+ 48. Kf2 Nd5 49. Bd4 Qf7 50. Bc5 h4 51. Qd8 hxg3+ 52. Kxg3 Kh7 53.
Bf8 g5 54. fxg5 Qh5 55. Qd7+ Kg6 56. Qg7# 1-0